 Dungeon Crawl Stone Soup version 0.28-a0-1227-ga9037bb4c8 (webtiles) character file.

Game seed: 15498084877203929430

129 flotson the Ducker (level 4, -2/35 HPs)
             Began as a Demonspawn Gladiator on Dec 23, 2021.
             Slain by a scorpion (5 damage)
             ... on level 4 of the Dungeon.
             The game lasted 00:02:27 (2061 turns).

flotson the Ducker (Demonspawn Gladiator)           Turns: 2061, Time: 00:02:28

Health: -2/35      AC:  4    Str: 16    XL:     4   Next: 88%
Magic:  4/4        EV: 12    Int: 10    God:
Gold:   163        SH:  0    Dex: 14    Spells: 3/3 levels left

rFire   . . .      SeeInvis .   a - +0 war axe
rCold   . . .      Faith    .   (no shield)
rNeg    . . .      Spirit   .   b - +0 leather armour
rPois   .          Reflect  .   c - +0 helmet
rElec   .          Harm     .   (no cloak)
rCorr   .          Rampage  .   (no gloves)
Will    .....                   (no boots)
Stlth   +.........              (no amulet)
HPRegen 0.11/turn               (no ring)
MPRegen 0.09/turn               (no ring)

@: lethally poisoned (-2 -> -6)
A: demonic guardian 1
a: no special abilities


You were on level 4 of the Dungeon.
You visited 1 branch of the dungeon, and saw 4 of its levels.

You collected 163 gold pieces.

Inventory:

Hand Weapons
 a - a +0 war axe (weapon)
Missiles
 d - 2 throwing nets (quivered)
Armour
 b - a +0 leather armour (worn)
 c - a +0 helmet (worn)
Scrolls
 f - a scroll of brand weapon {unknown}
 h - 2 scrolls of enchant weapon {unknown}
 i - a scroll of enchant armour {unknown}
 j - a scroll of teleportation {unknown}
 k - a scroll of identify {unknown}
Potions
 e - a potion of heal wounds {unknown}
 g - a potion of brilliance {unknown}


   Skills:
 + Level 3.0 Fighting
 - Level 2.6 Axes
 + Level 2.7 Throwing
 + Level 1.9 Armour
 + Level 3.4 Dodging


You had 3 spell levels left.
You didn't know any spells.
Your spell library contained the following spells:

 Spells                   Type           Power      Damage    Failure   Level
 Static Discharge         Conj/Air       0%         N/A       56%         2
 Dazzling Flash           Conj/Hex       0%         N/A       80%         3
 Agony                    Necr           0%         N/A       100%        5
 Lightning Bolt           Conj/Air       0%         1d11      100%        5
 Silence                  Hex/Air        0%         N/A       100%        5
 Maxwell's Capacitive Co  Air            0%         ∞         100%        8


Dungeon Overview and Level Annotations

Branches:
Dungeon (3/15)

Altars:


Innate Abilities, Weirdness & Mutations

A weak demonic guardian rushes to your aid.


Message History

Your iron imp hits the scorpion.
You feel sick. The scorpion stings your iron imp.
The scorpion stings your iron imp but does no damage.
Your iron imp hits the scorpion!
The scorpion dies!
Your Fighting skill increases to level 3!
You feel sick.
You feel sick.
You feel sick.
You feel sick.
You are no longer poisoned.
Your iron imp disappears in a puff of smoke!
A scorpion comes into view.
Throw: 2 throwing nets
Press: ? - help, Q - select action Shift-Dir - straight line, f - scorpion
Aim: a scorpion (60% to hit)
You throw a throwing net.
The throwing net barely misses the scorpion.
The scorpion misses you.
Throw: throwing net
Press: ? - help, Q - select action Shift-Dir - straight line, f/p - scorpion
Aim: a scorpion (60% to hit)
You throw a throwing net.
The throwing net closely misses the scorpion.
The scorpion stings you.
You are poisoned.
The scorpion poisons you!
Okay, then.
You feel very sick. The scorpion stings you.
You feel very sick. The scorpion stings you!
You feel sick. The scorpion stings you!
* * * LOW HITPOINT WARNING * * *
A demonic guardian appears!
You see here 2 throwing nets.
d - 2 throwing nets
* * * LOW HITPOINT WARNING * * *
You feel sick. The scorpion stings you.
You die...

.>.....##......##
.........####...####
...........#........#
#...............###.
##...#..###.....# #.
##..###...##
##.####..# ##.# #.#
#@## .# #5s## .#
#...# ##.## ###


You could see a scorpion (ally target) and a friendly white imp (summoned).

Vanquished Creatures
  2 adders (D:2)
  A worm (D:2)
  5 bats
  4 endoplasms (D:2)
  4 giant cockroaches
  5 goblins
  4 hobgoblins
  6 jackals
  3 quokkas
  3 ball pythons
  A frilled lizard (D:2)
  4 kobolds
  3 rats
45 creatures vanquished.

Vanquished Creatures (collateral kills)
  A scorpion (D:4)
  A jackal (D:2)
  A ball python (D:2)
3 creatures vanquished.

Grand Total: 48 creatures vanquished

Notes
Turn   | Place    | Note
-------+----------+-------------------------------------------
     0 | D:1      | flotson the Demonspawn Gladiator began the quest for the
                  | Orb.
     0 | D:1      | Reached XP level 1. HP: 16/16 MP: 1/1
   332 | D:1      | Gained mutation: A weak demonic guardian rushes to your
                  | aid. [demonic ancestry]
   332 | D:1      | Reached XP level 2. HP: 22/22 MP: 2/2
   799 | D:2      | Reached skill level 1 in Armour
   807 | D:2      | Reached XP level 3. HP: 12/28 MP: 3/3
  1526 | D:2      | Reached XP level 4. HP: 33/34 MP: 4/4
  1873 | D:3      | You fall into a shaft and drop 1 floor!
  1896 | D:4      | Noticed a scorpion
  1912 | D:4      | Killed a scorpion
  2050 | D:4      | Noticed a scorpion
  2061 | D:4      | Slain by a scorpion

Illustrated notes

Levels and vault maps discovered:
D:1:      saegor_arrival_simple_b, layout_basic
D:2:      layout_loops_cross, minmay_heptomino_l4
D:3:      layout_basic, biasface_ghost_orc_armoury
D:4:      layout_layer_cave, general_overflow_altar, kennysheep_small_spiral,
          minmay_misc_feat_rugged, fountainhead, grunt_decor_one_mirror,
          kennysheep_opposing_triangles

Skill      XL: |  1  2  3  4 |
---------------+-------------+-----
Throwing       | 2 |  2.7
Armour         | 1 |  1.9
Dodging        | 3 |  3.4
Fighting       | 3 |  3.0
Axes           | |  2.6

Action                   |  1- 3 |  4- 6 || total
-------------------------+-------+-------++-------
Melee: War axe           |    88 |    21 ||   109
Throw: Throwing net      |       |     3 ||     3
 Stab: Sleeping          |     1 |       ||     1
Armor: Leather armour    |    38 |     5 ||    43
Dodge: Dodged            |    83 |    10 ||    93

Table legend: (Time is in decaauts)
 A = Elapsed time spent in this place.
 B = Non-inter-level travel time spent in this place.
 C = Inter-level travel time spent in this place.
 D = Time resting spent in this place.
 E = Time spent auto-exploring this place.
 F = Levels seen in this place.
 G = Mean time per level.
                   A        B        C        D        E       F      G
               +--------+--------+--------+--------+--------+-----+--------+
         Total |   2099 |   2045 |     54 |      0 |   1714 |   4 |  524.8 |
       Dungeon |   2099 |   2045 |     54 |      0 |   1714 |   4 |  524.8 |
               +--------+--------+--------+--------+--------+-----+--------+

Top non-repeatable levels by time:
     D:2: 1200 daAuts
     D:1: 710 daAuts
     D:4: 188 daAuts
